 Dungeon Crawl Stone Soup version 0.31-a0-236-g9a0961fb85 (webtiles) character file.

Game seed: 1845487070232342299

70 qw the Shooter (level 4, 0/26 HPs)
             Began as a Gargoyle Hexslinger on July 10, 2023.
             Slain by a wight
             ... wielding a +0 falchion
              (7 damage)
             ... on level 6 of the Dungeon.
             The game lasted 00:00:40 (1515 turns).

qw the Shooter (Gargoyle Hexslinger)                Turns: 1515, Time: 00:00:40

Health: 0/26       AC: 10    Str: 12    XL:     4   Next: 21%
Magic:  5/5        EV: 10    Int: 13    God:
Gold:   118        SH:  0    Dex: 14    Spells: 4/5 levels left

rFire   . . .        Y - +1 sling
rCold   . . .        (no shield)
rNeg    + . .        i - +0 ring mail
rPois   inf          (no helmet)
rElec   +            f - +0 cloak
rCorr   .            (no gloves)
SInv    .            (no boots)
Will    .....        (no amulet)
Stlth   +            (no ring)
HPRegen 0.24/turn    (no ring)
MPRegen 0.09/turn

%: no passive effects
@: no status effects
A: sickness immunity, AC +3, negative energy resistance 1, electricity
resistance, torment resistance 1, petrification resistance
a: no special abilities


You were on level 6 of the Dungeon.
You visited 1 branch of the dungeon, and saw 4 of its levels.

You collected 118 gold pieces.


Innate Abilities, Weirdness & Mutations

You are immune to sickness and miasma.
Your stone body is resilient. (AC +3)
You are immune to poison.
You resist negative energy. (rN+)
You are resistant to electric shocks. (rElec)
You are resistant to unholy torment.
You are immune to petrification.


   Skills:
 - Level 2.0 Fighting
 + Level 3.4 Ranged Weapons
 - Level 2.0 Armour
 - Level 1.5 Dodging
 - Level 1.0 Spellcasting
 - Level 2.6 Hexes


You had 4 spell levels left.
You knew the following spells:

 Your Spells              Type           Power      Damage    Failure   Level
a - Slow                  Hex            28%        N/A       21%         1

Your spell library contained the following spells:

 Spells                   Type           Power      Damage    Failure   Level
 Inner Flame              Hex/Fire       4%         N/A       71%         3
 Portal Projectile        Hex/Tloc       8%         N/A       71%         3
 Cause Fear               Hex            3%         N/A       90%         4

Inventory:

Hand Weapons
 Y - a +1 sling (weapon)
Armour
 f - a +0 cloak (worn)
 i - a +0 ring mail (worn)
Scrolls
 b - a scroll of butterflies {unknown}
 h - 2 scrolls of identify
Potions
 a - a potion of attraction {unknown}
 d - 2 potions of curing
 e - a potion of berserk rage {unknown}
 g - a potion of cancellation {unknown}
 j - a potion of mutation {unknown}

Dungeon Overview and Level Annotations

Branches:
Dungeon (3/15)

Altars:
Vehumet


Message History

A sleepcap and 3 wights come into view.
The wight moves out of view.
You shoot a sling bullet. The sling bullet hits the sleepcap.
The sleepcap is moderately damaged.
The sleepcap releases spores at you but does no damage.
You shoot a sling bullet. The sling bullet hits the sleepcap.
The sleepcap is moderately damaged.
The sleepcap releases spores at you but does no damage.
You shoot a sling bullet.
The sling bullet hits the sleepcap but does no damage.
The sleepcap is moderately damaged.
The sleepcap barely misses you.
You shoot a sling bullet.
The sling bullet hits the sleepcap but does no damage.
The sleepcap is moderately damaged.
The sleepcap closely misses you. The wight hits you but does no damage.
The sleepcap releases spores at you but does no damage.
You shoot a sling bullet.
The sling bullet hits the sleepcap but does no damage.
The sleepcap is moderately damaged.
The wight hits you with a +0 mace. The sleepcap releases spores at you.
You shoot a sling bullet.
The sling bullet hits the sleepcap but does no damage.
The sleepcap is moderately damaged.
The sleepcap closely misses you. The wight closely misses you.
You shoot a sling bullet.
The sling bullet hits the sleepcap but does no damage.
The sleepcap is moderately damaged.
The sleepcap closely misses you. The wight closely misses you.
The sleepcap releases spores at you but does no damage.
The wight closely misses you. The wight misses you.
You shoot a sling bullet. The sling bullet hits the sleepcap.
The sleepcap is heavily damaged.
The wight hits you with a +0 falchion. The wight hits you with a +0 mace!
The sleepcap closely misses you.
The wight hits you from afar with a +0 spear.
You shoot a sling bullet. The sling bullet hits the sleepcap.
The sleepcap is severely damaged.
The wight hits you with a +0 falchion!
You die...

.... ... ..# ..# #..
#### ###.z ##..#
..#...f###...####
......z@.....<..##
......z..........###
.....#.............#
##................##
..................# ..
##...............## ...
#................#
...###...............##
..........##..).###..#


You could see a sleepcap and 3 wights.

Vanquished Creatures
  A statue (D:3)
  A dart slug (D:2)
  4 orcs
  4 bats
  6 endoplasms
  2 giant cockroaches
  4 goblins
  A hobgoblin (D:1)
  7 kobolds
  A quokka (D:2)
  3 ball pythons (D:2)
  3 frilled lizards
  2 rats
39 creatures vanquished.

Notes
Turn   | Place    | Note
-------+----------+-------------------------------------------
     0 | D:1      | qw the Gargoyle Hexslinger began the quest for the Orb.
     0 | D:1      | Reached XP level 1. HP: 12/12 MP: 2/2
     0 | D:1      | 0 ||| qw: Version: 0.3-a-52-g30416fa
     0 | D:1      | 0 ||| qw: Game counter: 4770
     0 | D:1      | 0 ||| qw: Melee chars always use a shield: true
     0 | D:1      | 0 ||| qw: God list: Okawaru
     0 | D:1      | 0 ||| qw: Allow faded altars: false
     0 | D:1      | 0 ||| qw: Do Orc after clearing Dungeon:15 true
     0 | D:1      | 0 ||| qw: Do second Lair branch before Depths: true
     0 | D:1      | 0 ||| qw: Lair rune preference: random
     0 | D:1      | 0 ||| qw: Goals: Normal
     0 | D:1      | 0 ||| PLANNING D:1-11
    29 | D:1      | 29 ||| FLEEEEING.
    31 | D:1      | 31 ||| FLEEEEING.
    32 | D:1      | 32 ||| FLEEEEING.
   134 | D:1      | Reached XP level 2. HP: 16/16 MP: 3/3
   259 | D:1      | Reached skill level 3 in Ranged Weapons
   440 | D:1      | 440 ||| UPGRADING to +0 cloak.
   445 | D:1      | 445 ||| READING scroll labelled USOSOOCWOC.
   446 | D:1      | 446 ||| READING scroll labelled KISETR MOMAESU.
   447 | D:1      | 447 ||| DRINKING 2 bubbling orange potions.
   448 | D:1      | 448 ||| DROPPING scroll of poison.
   831 | D:2      | Reached XP level 3. HP: 21/21 MP: 4/4
  1319 | D:2      | 1319 ||| UPGRADING to +0 ring mail.
  1329 | D:2      | 1329 ||| DROPPING +0 robe.
  1330 | D:2      | 1330 ||| READING scroll labelled YHOIMA RUWALYZ.
  1348 | D:2      | 1348 ||| READING scroll labelled DELADDEAPS.
  1391 | D:3      | Found a radiant altar of Vehumet.
  1392 | D:3      | Noticed a charred statue
  1403 | D:3      | Killed a charred statue
  1404 | D:3      | Reached XP level 4. HP: 26/26 MP: 5/5
  1472 | D:3      | You fall into a shaft and drop 3 floors!
  1514 | D:6      | HP: 6/26 [wight/+0 spear (2)]
  1515 | D:6      | Slain by a wight

Levels and vault maps discovered:
D:1:      minmay_arrival_three_doors, layout_rooms
D:2:      layout_basic, dreamdust_princess_bridge
D:3:      layout_basic, mainiacjoe_overflow_cross_hatched, bloody_makhleb,
          old_standard_altar, vehumet_statue, columned_hall_lemuel,
          chequers_serial_rivers_micro_b
D:6:      minmay_skewed_foursquare, layout_cave_pools,
          nzn_hepliaklqana_mist_gate, grunt_ministairs_9

Skill      XL: |  1  2  3 |
---------------+----------+-----
Ranged Weapons | 3 |  3.4
Fighting       | 2 |  2.0
Armour         | 2 |  2.0
Dodging        | |  1.5
Spellcasting   | |  1.0
Hexes          | |  2.6

Action                     |  1- 3 |  4- 6 || total
---------------------------+-------+-------++-------
   Fire: Sling             |   124 |    21 ||   145
    Use: Scroll            |     4 |       ||     4
         Potion            |     1 |       ||     1
 Armour: Robe              |    14 |       ||    14
         Ring mail         |     3 |     7 ||    10
  Dodge: Dodged            |    25 |    11 ||    36

Table legend:
 A = Non-vault XP
 B = Vault XP
 C = Vault XP percentage of total XP
 D = Non-vault monster count
 E = Vault monster count
 F = Vault count percentage of total count
                 A         B        C        D         E       F
            +---------+---------+-------+---------+---------+-------
      Total |      68 |      32 |  32.0 |      38 |       1 |   2.6
            +---------+---------+-------+---------+---------+-------
        D:1 |      22 |       0 |   0.0 |      14 |       0 |   0.0
        D:2 |      28 |       0 |   0.0 |      16 |       0 |   0.0
        D:3 |      15 |      32 |  68.1 |       7 |       1 |  12.5
        D:6 |       3 |       0 |   0.0 |       1 |       0 |   0.0
            +---------+---------+-------+---------+---------+-------
